 Dungeon Crawl Stone Soup version 0.29.1-1-gd02db69 (webtiles) character file.

Game seed: 3986124978810294433

19 jagoly the Insei (level 2, -1/18 HPs)
             Began as an Octopode Transmuter on Oct 4, 2022.
             Frozen to death by an endoplasm (5 damage)
             ... on level 1 of the Dungeon.
             The game lasted 00:01:53 (518 turns).

jagoly the Insei (Octopode Transmuter)               Turns: 518, Time: 00:01:54

Health: -1/18      AC:  1    Str:  9    XL:     2   Next: 75%
Magic:  5/5        EV: 13    Int: 15    God:
Gold:   39         SH:  0    Dex: 12    Spells: 2/5 levels left

rFire   . . .      SeeInvis .   a - +2 short sword (venom)
rCold   . . .      Faith    .   (no shield)
rNeg    . . .      Spirit   .   (helmet restricted)
rPois   .          Reflect  .   (no amulet)
rElec   .          Harm     .   (no ring)
rCorr   .          Rampage  .   (no ring)
Will    .....                   (no ring)
Stlth   ++........              (no ring)
HPRegen 0.06/turn               (no ring)
MPRegen 0.09/turn               (no ring)
                                (no ring)
                                (no ring)

@: no status effects
A: almost no armour, amphibious, 8 rings, camouflage 1, gelatinous body 1,
(nimble swimmer 1), tentacles
a: no special abilities


You were on level 1 of the Dungeon.
You visited 1 branch of the dungeon, and saw 1 of its levels.

You collected 39 gold pieces.

Inventory:

Hand Weapons
 a - a +2 short sword of venom (weapon)
Scrolls
 b - 3 scrolls of identify {unknown}
 d - a scroll of noise {unknown}
Potions
 c - a potion of lignification
 e - a potion of haste {unknown}


   Skills:
 - Level 1.0 Fighting
 - Level 2.0 Dodging
 - Level 3.0 Unarmed Combat
 - Level 2.0 Spellcasting
 + Level 2.4 Transmutations
 + Level 0.4 Ice Magic
 - Level 2.0 Poison Magic


You had 2 spell levels left.
You knew the following spells:

 Your Spells              Type           Power      Damage    Failure   Level
A - Beastly Appendage     Tmut           16%        N/A       9%          1
W - Wereblood             Tmut           8%         N/A       12%         2

Your spell library contained the following spells:

 Spells                   Type           Power      Damage    Failure   Level
 Spider Form              Tmut/Pois      8%         N/A       26%         3
 Ice Form                 Ice/Tmut       5%         N/A       77%         4


Dungeon Overview and Level Annotations

Branches:
Dungeon (1/15) Zot: 5482

Altars:

Shops:
D:1 (


Innate Abilities, Weirdness & Mutations

You cannot wear most types of armour.
You are amphibious.
You can wear up to eight rings at the same time.
Your skin changes colour to match your surroundings (Stealth+).
Your rubbery body absorbs attacks. (AC +1, EV +1)
((You are camouflaged when in or above water. (Stealth+)))
You have tentacles for arms and can constrict up to eight enemies at once.


Message History

You kill the rat!
No target in view!
Okay, then.
d - a scroll labelled NETU BUHUME Your tentacle spike disappears.
e - a fizzy purple potion A goblin comes into view.
It is wielding a +0 dagger.
Found a scroll labelled NOACWA OXIOGIOKEE.
Found a faded altar of an unknown god.
An endoplasm comes into view.
The eye of devastation turns its gaze towards you.
Found a dagger.
The goblin shouts!
The endoplasm quivers.
The goblin closely misses you.
You puncture the goblin!
You kill the goblin!
You hit the endoplasm but do no damage. The endoplasm freezes you.
You are frozen.
You hit the endoplasm.
The endoplasm is heavily wounded.
The endoplasm freezes you.
You are frozen.
* * * LOW HITPOINT WARNING * * *
You are too injured to fight recklessly!
Unknown command.
You hit the endoplasm.
The endoplasm is severely wounded.
The floating eye turns its gaze towards you.
The endoplasm barely misses you.
You hit the endoplasm but do no damage.
You squeeze the endoplasm, but do no damage.
The endoplasm is heavily wounded.
The endoplasm freezes you.
You are frozen.
* * * LOW HITPOINT WARNING * * *
The endoplasm freezes you.
You are frozen.
You die...

####################
....................
#######.......:.....
#..###...###. #
#..#G#...#G# .#
#+.###...###..#
..........@)..#
......._..J..##
...........?..#
....###...###.#
....#G#...#G#.# ..
###...###.# ###.
).... # ..... .....
#####


You could see a great orb of eyes, an eye of devastation, a floating eye, a
golden eye and an endoplasm.

Vanquished Creatures
  A ball python (D:1)
  3 bats (D:1)
  2 endoplasms (D:1)
  2 goblins (D:1)
  3 hobgoblins (D:1)
  3 kobolds (D:1)
  2 rats (D:1)
16 creatures vanquished.

Notes
Turn   | Place    | Note
-------+----------+-------------------------------------------
     0 | D:1      | jagoly the Octopode Transmuter began the quest for the Orb.
     0 | D:1      | Reached XP level 1. HP: 13/13 MP: 3/3
    95 | D:1      | Reached skill level 1 in Poison Magic
   159 | D:1      | Found Fuemnuwu's Weapon Emporium.
   175 | D:1      | Reached XP level 2. HP: 11/18 MP: 3/5
   433 | D:1      | Learned a level 2 spell: Wereblood
   506 | D:1      | Noticed a golden eye
   508 | D:1      | Found a faded altar of an unknown god.
   509 | D:1      | Noticed a great orb of eyes
   509 | D:1      | Noticed a floating eye
   509 | D:1      | Noticed an eye of devastation
   518 | D:1      | Frozen to death by an endoplasm

Illustrated notes

Levels and vault maps discovered:
D:1:      minmay_arrival_three_doors, layout_basic, serial_shops,
          nicolae_shop_bloodbath_and_beyond,
          hellmonk_ecumenical_altar_watching_god

Skill      XL: |  1  2 |
---------------+-------+-----
Poison Magic   | 1 2 |  2.0
Fighting       | |  1.0
Dodging        | |  2.0
Unarmed Combat | |  3.0
Spellcasting   | |  2.0
Transmutations | |  2.4
Ice Magic      | |  0.4

Action                   || total
-------------------------++-------
Melee: Unarmed           ||    29
       Kick              ||     8
       Tentacles         ||    10
       Constrict         ||     6
       Short sword       ||     9
 Cast: Beastly Appendage ||     9
 Stab: Sleeping          ||     2
Armor: Skin              ||     6
Dodge: Dodged            ||    29
